 Dungeon Crawl Stone Soup version 0.30.2 (webtiles) character file.

Game seed: 16095439478585399539

272 porpoise the Shooter (level 6, -11/52 HPs)
             Began as a Minotaur Hunter on Feb 14, 2024.
             Killed from afar by Dowan (21 damage)
             ... with a shard of ice
             ... on level 4 of the Dungeon.
             The game lasted 00:09:57 (2741 turns).

porpoise the Shooter (Minotaur Hunter)              Turns: 2741, Time: 00:09:58

Health: -11/52     AC:  4    Str: 18    XL:     6   Next: 2%
Magic:  5/5        EV: 12    Int:  8    God:
Gold:   97         SH:  0    Dex: 14    Spells: 5/5 levels left

rFire   . . .        a - +0 shortbow
rCold   . . .        (shield currently unavailable)
rNeg    . . .        t - +1 leather armour of Privacy {rElec Str+3}
rPois   .            (helmet restricted)
rElec   +            (no cloak)
rCorr   .            (no gloves)
SInv    .            (no boots)
Will    .....        (no amulet)
Stlth   ++           (no ring)
HPRegen 0.28/turn    (no ring)
MPRegen 0.09/turn

%: no passive effects
@: no status effects
A: horns 2, retaliatory headbutt
a: no special abilities


You were on level 4 of the Dungeon.
You visited 1 branch of the dungeon, and saw 4 of its levels.

You collected 162 gold pieces.
You spent 65 gold pieces at shops.

Inventory:

Hand Weapons
 a - a +0 shortbow (weapon)
 b - a +0 broad axe of electrocution
Missiles
 m - 10 boomerangs
Armour
 h - a +0 ring mail
 t - the +1 leather armour of Privacy (worn) {rElec Str+3}
   (You found it on level 4 of the Dungeon)

   Str:       It affects your strength (+3).
   rElec:     It insulates you from electricity.
Jewellery
 u - an amulet of regeneration
 v - an amulet of guardian spirit
Scrolls
 d - a scroll of fog {unknown}
 e - a scroll of enchant armour {unknown}
 i - 3 scrolls of noise {unknown}
 j - 4 scrolls of immolation
 l - 4 scrolls of teleportation
 n - a scroll of amnesia {unknown}
 o - a scroll of blinking {unknown}
 p - 2 scrolls of enchant weapon {unknown}
 r - a scroll of poison {unknown}
Potions
 c - a potion of curing
 g - a potion of flight {unknown}
 k - a potion of cancellation {unknown}
 q - a potion of invisibility {unknown}
 s - a potion of degeneration {unknown}


   Skills:
 + Level 4.3 Fighting
 * Level 6.5 Ranged Weapons
 + Level 2.8 Armour
 - Level 2.1 Dodging
 - Level 1.3 Stealth


You had 5 spell levels left.
You didn't know any spells.
Your spell library contained the following spells:

 Spells                   Type           Power      Damage    Failure   Level
 Magic Dart               Conj           0%         1d3       45%         1
 Call Imp                 Summ           0%         N/A       61%         2
 Call Canine Familiar     Summ           0%         N/A       83%         3
 Mephitic Cloud           Conj/Pois/Air  0%         N/A       83%         3
 Portal Projectile        Hex/Tloc       0%         N/A       83%         3
 Leda's Liquefaction      Hex/Erth       0%         N/A       99%         4
 Summon Forest            Summ/Tloc      0%         N/A       100%        5
 Summon Mana Viper        Hex/Summ       0%         N/A       100%        5
 Summon Cactus Giant      Summ           0%         N/A       100%        6


Dungeon Overview and Level Annotations

Branches:
Dungeon (4/15)
 Temple: D:4-7

Altars:

Shops:
D:2 ?   D:3 [

Annotations:
D:4 Dowan


Innate Abilities, Weirdness & Mutations

You have a pair of horns on your head.
You reflexively headbutt those who attack you in melee.


Message History

You have reached level 6!
Fire: a) +0 shortbow
Press: ? - help, Q - select action, (/) - cycle Shift-Dir - straight line You shoot an arrow.
The arrow closely misses Dowan.
Dowan gestures at you while chanting. The stone arrow hits you!
* * * LOW HITPOINT WARNING * * *
You shoot an arrow. The arrow closely misses Dowan.
Dowan misses you. You furiously retaliate!
You headbutt Dowan! Dowan hits you with a +0 dagger.
* * * LOW HITPOINT WARNING * * *
You shoot an arrow.
The arrow hits Dowan but does no damage.
Dowan is heavily wounded.
Dowan hits you with a +0 dagger.
* * * LOW HITPOINT WARNING * * *
Dowan misses you.
You feel much better. Dowan barely misses you.
You shoot an arrow. The arrow hits Dowan.
Dowan is severely wounded.
Dowan gestures at you while chanting. The shard of ice hits you!!
Dowan casts a spell at you. The stone arrow hits you!
* * * LOW HITPOINT WARNING * * *
You shoot an arrow.
The arrow hits Dowan but does no damage.
Dowan is severely wounded.
Dowan hits you with a +0 dagger.
* * * LOW HITPOINT WARNING * * *
Dowan hits you with a +0 dagger.
* * * LOW HITPOINT WARNING * * *
You feel better. Dowan hits you with a +0 dagger.
* * * LOW HITPOINT WARNING * * *
You shoot an arrow. The arrow hits Dowan.
Dowan is almost dead.
Dowan casts a spell.
Dowan blinks!
Dowan casts a spell at you. The shard of ice hits you!!
You die...

...######
.)e..†§@#
.######)#
#.# ###
####.# #..
#<##.# #.#
######.##.##
#.#
#..........#
#.#
#......##..#
#.#
#......##..#


You could see Dowan (fast).

Vanquished Creatures
  Duvessa (D:4)
  Natasha (D:3)
  5 adders
  4 worms
  9 orcs
  5 ball pythons
  8 endoplasms
  2 giant cockroaches (D:2)
  7 goblins
  4 hobgoblins
  7 jackals
  5 quokkas
  3 bats
  2 frilled lizards
  10 kobolds
  3 rats
76 creatures vanquished.

Notes
Turn   | Place    | Note
-------+----------+-------------------------------------------
     0 | D:1      | porpoise the Minotaur Hunter began the quest for the Orb.
     0 | D:1      | Reached XP level 1. HP: 18/18 MP: 0/0
    65 | D:1      | Reached skill level 1 in Stealth
    77 | D:1      | Reached XP level 2. HP: 20/25 MP: 1/1
   460 | D:1      | Reached skill level 5 in Ranged Weapons
   719 | D:2      | Reached XP level 3. HP: 16/31 MP: 2/2
  1151 | D:2      | Reached skill level 1 in Armour
  1236 | D:2      | Reached XP level 4. HP: 38/38 MP: 3/3
  1243 | D:2      | Found Xydez's Magic Scroll Shoppe.
  1252 | D:2      | Bought a scroll of identify for 26 gold pieces
  1252 | D:2      | Bought a scroll of teleportation for 39 gold pieces
  1501 | D:3      | Found a faded altar of an unknown god.
  2033 | D:3      | Found Baustitz's Antique Armour Shop.
  2121 | D:3      | Noticed Natasha
  2132 | D:3      | Killed Natasha
  2474 | D:4      | Reached XP level 5. HP: 43/46 MP: 4/4
  2499 | D:4      | Identified the +1 leather armour of Privacy {rElec Str+3}
  2663 | D:4      | Reached skill level 6 in Ranged Weapons
  2719 | D:4      | Noticed Duvessa
  2719 | D:4      | Noticed Dowan
  2733 | D:4      | Killed Duvessa
  2734 | D:4      | Reached XP level 6. HP: 21/52 MP: 5/5
  2741 | D:4      | Killed from afar by Dowan

Illustrated notes

Levels and vault maps discovered:
D:1:      tarquinn_simple_flora_water_b, layout_loops_ring
D:2:      layout_loops_ring, serial_shops, nicolae_shop_crystal
D:3:      layout_basic, hellmonk_ecumenical_altar_crossroads, serial_shops,
          shop, kennysheep_nub, uniq_natasha
D:4:      layout_basic, kennysheep_generic_room_12, uniq_duvessa

Skill      XL: |  1  2  3  4  5 |
---------------+----------------+-----
Stealth        | 1 |  1.3
Ranged Weapons | 5 6 |  6.5
Fighting       | 3 4 |  4.3
Armour         | 1 2 |  2.8
Dodging        | |  2.1

Action                     |  1- 3 |  4- 6 || total
---------------------------+-------+-------++-------
   Fire: Shortbow          |   126 |   121 ||   247
    Use: Scroll            |       |     2 ||     2
         Potion            |       |     2 ||     2
 Armour: Leather armour    |     9 |     2 ||    11
         Ring mail         |    16 |    21 ||    37
  Dodge: Dodged            |    40 |    36 ||    76
